 Dungeon Crawl Stone Soup version 0.23-a0-449-g8e4cbf7 (webtiles) character file.

8782 tilp the Spear-Bearer (level 11, -12/78 HPs)
             Began as a Merfolk Ice Elementalist on Nov 21, 2018.
             Was a Priest of Makhleb.
             Mangled by a spiny frog (20 damage)
             ... on level 1 of the Lair of Beasts.
             The game lasted 00:43:26 (13685 turns).

tilp the Spear-Bearer (Merfolk Ice Elementalist)   Turns: 13685, Time: 00:43:27

Health: -12/78     AC: 11    Str:  8    XL:     11   Next: 36%
Magic:  12/17      EV: 15    Int: 17    God:    Makhleb [***...]
Gold:   108        SH:  5    Dex: 16    Spells: 6/18 levels left

rFire    + + .     SeeInvis .   p - +2 trident (venom)
rCold    . . .     Gourm    .   B - +0 buckler
rNeg     . . .     Faith    .   I - +0 leather armour {rF+}
rPois    +         Spirit   .   J - +0 helmet
rElec    .         Reflect  .   (no cloak)
rCorr    .         Harm     .   (no gloves)
MR       .....                  r - +0 pair of boots
Stlth    ++........             (no amulet)
HPRegen  0.23/turn              u - ring of poison resistance
MPRegen  0.15/turn              n - ring of protection from fire (curse)

@: icy armour
A: change form in water, swift swim, stealthy swim
a: Minor Destruction, Lesser Servant of Makhleb, Renounce Religion


You were on level 1 of the Lair of Beasts.
You worshipped Makhleb.
Makhleb was most pleased with you.
You were not hungry.

You visited 3 branches of the dungeon, and saw 12 of its levels.

You collected 647 gold pieces.
You spent 539 gold pieces at shops.

Inventory:

Hand Weapons
 e - a cursed +0 scythe
 k - the +5 spear of Dust {flame, -Tele rPois rN++ Stlth+}
   (You found it on level 8 of the Dungeon)

   It has been specially enchanted to burn those struck by it, causing extra
   injury to most foes and up to half again as much damage against particularly
   susceptible opponents.
   It protects you from poison.
   It greatly protects you from negative energy.
   It prevents most forms of teleportation.
   It makes you more stealthy.
 p - a +2 trident of venom (weapon)
 A - a +5 spear of freezing
 G - a +3 halberd
Missiles
 z - a throwing net
 K - 11 tomahawks (quivered)
Armour
 j - the +3 ring mail of the Saviour {rCorr Dex+4}
   (You found it on level 8 of the Dungeon)

   It affects your dexterity (+4).
   It provides partial protection from all sources of acid and corrosion.
 r - a +0 pair of boots (worn)
 t - a +2 chain mail of cold resistance
 B - a +0 buckler (worn)
 I - a +0 leather armour of fire resistance (worn)
 J - a +0 helmet (worn)
Jewellery
 f - an uncursed ring of flight {unknown}
 m - an uncursed ring of protection from cold
 n - a cursed ring of protection from fire (right hand)
 u - a ring of poison resistance (left hand)
Wands
 s - a wand of paralysis (10)
 x - a wand of random effects (12)
 D - a wand of acid (14)
Scrolls
 b - a scroll of enchant weapon
 h - 5 scrolls of teleportation
 l - 5 scrolls of remove curse
 o - a scroll of immolation
 q - a scroll of magic mapping
 w - a scroll of amnesia
 F - 5 scrolls of identify
Potions
 a - a potion of mutation
 d - 5 potions of curing
 g - a potion of invisibility
 i - 4 potions of haste
 C - 2 potions of resistance {unknown}
Comestibles
 c - 28 rations


   Skills:
 + Level 4.4 Fighting
 - Level 14.0 Polearms
 + Level 6.4 Dodging
 - Level 2.1 Stealth
 - Level 4.9 Shields
 - Level 4.1 Spellcasting
 - Level 2.0 Conjurations
 - Level 2.0 Hexes
 - Level 4.1 Charms
 - Level 8.0 Ice Magic
 - Level 5.0 Invocations
 - Level 4.3 Evocations


You had 6 spell levels left.
You knew the following spells:

 Your Spells              Type           Power        Failure   Level  Hunger
a - Freeze                Ice            ####         1%          1    None
b - Throw Frost           Conj/Ice       ###...       4%          2    ##.....
c - Ozocubu's Armour      Chrm/Ice       ###.....     5%          3    ###....
d - Throw Icicle          Conj/Ice       ###.....     28%         4    ####...
e - Ensorcelled Hibernat  Hex/Ice        ###...       4%          2    ##.....

Your spell library contained the following spells:

 Spells                   Type           Power        Failure   Level  Hunger
 Corona                   Hex            ##.....      10%         1    None
 Confuse                  Hex            ##......     28%         3    ###....
 Dazzling Spray           Conj/Hex       ##....       28%         3    ###....
 Tukima's Dance           Hex            ##......     28%         3    ###....
 Summon Ice Beast         Ice/Summ       ###.....     41%         4    ####...


Dungeon Overview and Level Annotations

Branches:
Dungeon (10/15)            Temple (1/1) D:4            Lair (1/6) D:8
    Orc (0/2) D:9

Altars:
Ashenzari
Cheibriados
Dithmenos
Elyvilon
Fedhas
Gozag
Hepliaklqana
Kikubaaqudgha
Makhleb
Nemelex Xobeh
Okawaru
Qazlal
Ru
Sif Muna
Trog
Uskayaw
Vehumet
Wu Jian
Xom
Yredelemnul
Zin
The Shining One

Shops:
D:8 [   D:9 }(?(

Annotations:
D:4 1 runed door, lurker's ghost, amateur DrFi
D:7 Harold
D:8 2 transporters, RoseArtemis's ghost, novice SpEn
D:10 !vampire


Message History

The spiny frog seems to slow down.
The spiny frog stings you!!
Casting: Freeze (safe; 1% risk of failure)
Confirm with . or Enter, or press ? or * to list all spells.
Aiming: Freeze (safe; 1% risk of failure)
Press: ? - help, Shift-Dir - straight line, f/p - spiny frog
Aim: a spiny frog (moderately wounded, slow, poisoned)
You freeze the spiny frog.
The spiny frog is heavily wounded.
The spiny frog is no longer moving slowly.
The spiny frog stings you!
* * * LOW HITPOINT WARNING * * *
Casting: Freeze (safe; 1% risk of failure)
Confirm with . or Enter, or press ? or * to list all spells.
Aiming: Freeze (safe; 1% risk of failure)
Press: ? - help, Shift-Dir - straight line, f/p - spiny frog
Aim: a spiny frog (heavily wounded, poisoned)
You freeze the spiny frog.
The spiny frog is severely wounded.
The spiny frog seems to slow down.
The spiny frog stings you!!
You die...

##...##
#######...##
#..........#
#..####....#
##..# #..#.#
#..## #..#.#
##.# #....#
#.# #.... #@#
#..P.#
#F....# ....#
...........
#..#...#####.
#....%(#
#.......# ...
#..... ###
.###P#


You could see a spiny frog.

Vanquished Creatures
  Pikel (D:6)
  An elephant (D:7)
  A black mamba (Lair:1)
  Joseph (D:8)
  2 spiny frogs (Lair:1)
  A troll (D:9)
  2 hippogriffs (D:8)
  A wyvern (D:9)
  4 hogs (D:9)
  A human (D:9)
  A soldier ant (D:10)
  7 orc warriors
  2 ice beasts
  2 slaves (D:6)
  3 black bears
  10 ogres
  3 phantoms
  A necrophage (D:6)
  2 centaurs
  4 crocodiles
  3 big kobolds
  2 bullfrogs
  5 gnoll sergeants
  2 scorpions
  2 killer bees (D:9)
  9 wights
  A howler monkey (D:4)
  2 electric eels (D:9)
  4 hounds
  3 jellies
  8 orc wizards
  4 orc priests
  A bullfrog skeleton (D:6)
  2 centaur skeletons
  3 iguanas
  9 worker ants
  A hound skeleton (D:8)
  9 gnolls
  10 adders
  2 shadow imps
  An ooze (D:6)
  2 adder skeletons
  An adder zombie (D:9)
  3 worms
  3 dart slugs
  9 leopard geckos
  21 orcs
  4 giant cockroaches
  8 goblins
  10 hobgoblins
  9 jackals
  10 kobolds
  3 quokkas
  A ball python (D:4)
  6 bats
  4 frilled lizards
  A jackal zombie (D:7)
  A quokka skeleton (D:6)
  11 rats
240 creatures vanquished.

Vanquished Creatures (others)
  A hound (D:6)
  A fungus (D:8)
2 creatures vanquished.

Grand Total: 242 creatures vanquished

Notes
Turn   | Place    | Note
-------+----------+-------------------------------------------
     0 | D:1      | tilp the Merfolk Ice Elementalist began the quest for the
                  | Orb.
     0 | D:1      | Reached XP level 1. HP: 13/13 MP: 3/3
   139 | D:1      | Reached XP level 2. HP: 16/19 MP: 1/5
   178 | D:1      | Learned a level 2 spell: Throw Frost
   590 | D:1      | Reached XP level 3. HP: 24/24 MP: 4/6
   597 | D:1      | Learned a level 3 spell: Ozocubu's Armour
  1374 | D:2      | Found a sparkling altar of Nemelex Xobeh.
  1486 | D:2      | Found a glowing silver altar of Zin.
  1492 | D:2      | Reached skill level 5 in Ice Magic
  1887 | D:2      | Reached XP level 4. HP: 30/30 MP: 3/7
  2101 | D:2      | Found a blossoming altar of Fedhas.
  2102 | D:2      | Found a deep blue altar of Sif Muna.
  2103 | D:2      | Found an opulent altar of Gozag.
  2103 | D:2      | Found a white marble altar of Elyvilon.
  2438 | D:3      | Found an ornate altar of the Wu Jian Council.
  2538 | D:3      | You fall through a shaft for 2 floors!
  2538 | D:5      | Entered Level 5 of the Dungeon
  2583 | D:5      | Reached XP level 5. HP: 15/35 MP: 3/8
  2758 | D:4      | Noticed an ogre
  2763 | D:4      | Reached skill level 1 in Polearms
  3023 | D:4      | Reached skill level 2 in Polearms
  3420 | D:3      | Reached skill level 1 in Fighting
  3722 | D:4      | Reached skill level 3 in Polearms
  3722 | D:4      | Reached XP level 6. HP: 31/43 MP: 2/9
  3919 | D:4      | Reached skill level 4 in Polearms
  4280 | D:4      | Reached skill level 5 in Polearms
  4280 | D:4      | Reached XP level 7. HP: 34/51 MP: 6/10
  4442 | D:4      | Found a runed door.
  4444 | D:4      | Noticed lurker's ghost (amateur DrFi)
  4852 | D:4      | Found a radiant altar of Vehumet.
  4860 | D:4      | Found a staircase to the Ecumenical Temple.
  4950 | Temple   | Entered the Ecumenical Temple
  5042 | Temple   | Became a worshipper of Makhleb the Destroyer
  5430 | D:5      | Reached skill level 6 in Polearms
  5730 | D:5      | Reached skill level 5 in Dodging
  5785 | D:5      | Reached skill level 1 in Shields
  6057 | D:6      | Found a shimmering altar of Xom.
  6082 | D:6      | Reached skill level 7 in Polearms
  6082 | D:6      | Reached XP level 8. HP: 51/60 MP: 2/11
  6501 | D:6      | Reached * piety under Makhleb
  6527 | D:6      | Reached skill level 8 in Polearms
  6561 | D:6      | Noticed Pikel
  6608 | D:6      | Killed Pikel
  6608 | D:6      | Reached skill level 9 in Polearms
  6608 | D:6      | Reached XP level 9. HP: 50/65 MP: 3/12
  6705 | D:6      | Reached skill level 10 in Polearms
  6752 | D:6      | Found a glowing golden altar of the Shining One.
  6954 | D:6      | You fall through a shaft for 3 floors!
  7032 | D:9      | Reached skill level 11 in Polearms
  7268 | D:9      | Found Qewk's Magic Scroll Emporium.
  7281 | D:9      | Bought a scroll of identify for 26 gold pieces
  7281 | D:9      | Bought a scroll of teleportation for 39 gold pieces
  7281 | D:9      | Bought a scroll of magic mapping for 45 gold pieces
  7281 | D:9      | Bought a scroll of teleportation for 39 gold pieces
  7281 | D:9      | Bought a scroll of remove curse for 39 gold pieces
  7281 | D:9      | Bought a scroll of identify for 26 gold pieces
  7281 | D:9      | Bought a scroll of identify for 26 gold pieces
  7633 | D:9      | Reached skill level 12 in Polearms
  7669 | D:9      | Reached skill level 1 in Conjurations
  7675 | D:9      | Reached skill level 1 in Charms
  7675 | D:9      | Reached skill level 1 in Evocations
  7784 | D:9      | Found Pesu's Gadget Boutique.
  7932 | D:9      | Found Neghyac's Antique Weapon Emporium.
  8051 | D:9      | Reached ** piety under Makhleb
  8251 | D:9      | Reached XP level 10. HP: 65/70 MP: 10/14
  8362 | D:8      | Noticed an elephant
  8367 | D:8      | Noticed Joseph
  8377 | D:8      | Found a shimmering altar of Xom.
  8377 | D:8      | Found a shimmering altar of Xom.
  8377 | D:8      | Found a shimmering altar of Xom.
  8377 | D:8      | Found a shimmering altar of Xom.
  8377 | D:8      | Found Eptaezubb's Armour Shoppe.
  8377 | D:8      | Found a shimmering altar of Xom.
  8389 | D:8      | Bought a +0 leather armour of fire resistance for 135 gold
                  | pieces
  8389 | D:8      | Bought a +0 helmet for 67 gold pieces
  8534 | D:7      | Learned a level 4 spell: Throw Icicle
  8537 | D:7      | Learned a level 2 spell: Ensorcelled Hibernation
  8938 | D:7      | HP: 2/70 [orc wizard/+3 dagger (2)]
  9209 | D:7      | Noticed Harold
  9261 | D:7      | Found a bloodstained altar of Trog.
  9348 | D:7      | Found a stormy altar of Qazlal.
  9867 | D:8      | Killed Joseph
  9970 | D:8      | Found a hide-covered altar of Uskayaw.
 10178 | D:7      | Reached skill level 1 in Invocations
 10220 | D:8      | Reached skill level 1 in Hexes
 10261 | D:8      | Found a shimmering altar of Xom.
 10261 | D:8      | Found a shimmering altar of Xom.
 10276 | D:8      | Got a transparent ring mail
 10368 | D:8      | Found a staircase to the Lair.
 10381 | D:8      | Found a shadowy altar of Dithmenos.
 10509 | D:8      | Found a transporter.
 10510 | D:8      | Found a transporter.
 10512 | D:8      | Got a scorched spear
 10543 | D:7      | Identified the +5 spear of Dust {flame, -Tele rPois rN++
                  | Stlth+} (You found it on level 8 of the Dungeon)
 10545 | D:7      | Identified the +3 ring mail of the Saviour {rCorr Dex+4}
                  | (You found it on level 8 of the Dungeon)
 10606 | D:8      | Noticed RoseArtemis's ghost (novice SpEn)
 10729 | D:9      | Found a staircase to the Orcish Mines.
 10838 | D:8      | Reached *** piety under Makhleb
 11221 | D:9      | Reached skill level 5 in Invocations
 11518 | D:9      | Found Viwydeet's Antique Weapon Shoppe.
 11526 | D:9      | Reached XP level 11. HP: 77/77 MP: 13/17
 12687 | D:10     | Entered Level 10 of the Dungeon
 12797 | D:10     | Reached skill level 13 in Polearms
 12925 | D:9      | Bought a scroll of enchant weapon for 97 gold pieces
 13228 | Lair:1   | Entered Level 1 of the Lair of Beasts
 13327 | Lair:1   | Reached skill level 14 in Polearms
 13685 | Lair:1   | Mangled by a spiny frog

Vault maps used:
D:1:      onia_arrival_mini_spirals, serial_bayou_pond_d, nrook_mini_vaults,
          minivault_5
D:2:      lemuel_doored_altar, chequers_temple_overflow_statue_of_worship,
          first_ration, nemelex_xobeh_ov_fountains_minmay
D:3:      marbit_many_paths
D:4:      fiery_altar_vehumet, minmay_temple_entry_nine_rooms,
          ebering_ghost_reflecting_pool
D:5:      enter_ossuary_2
D:6:      nicolae_tso_carved_into_rock, basic_altar, minivault_14, uniq_pikel
D:7:      bloody_trog, minmay_fountain_box, grunt_qazlal_clouds, uniq_harold
D:8:      eat_drink_and_be_merry_uskayaw, nicolae_overflow_hidden_temple,
          david_lair_generic, serial_shops, shop, gammafunk_ghost_hive,
          nicolae_xom_altar_mimics, uniq_joseph
D:9:      kennysheep_orc_monster_closet_entryway, serial_shops,
          nicolae_shop_stone, shop, shop_scrolls, kennysheep_mini,
          grunt_livestock, minivault_14
D:10:     lemuel_centaur_altar
Temple:   zaba_magenta_temple
Lair:1:   lemuel_fruit_tree, grunt_megastairs_4

Skill      XL: |  1  2  3  4  5  6  7  8  9 10 11 |
---------------+----------------------------------+-----
Ice Magic      | 4 5 6 7 8 |  8.0
Polearms       | 3 5 7 9 12 14 | 14.0
Dodging        | 3 4 5 6 |  6.4
Fighting       | 1 2 3 4 |  4.4
Shields        | 2 4 |  4.9
Conjurations   | 2 |  2.0
Charms         | 2 4 |  4.1
Evocations     | 2 4 |  4.3
Spellcasting   | 3 4 |  4.1
Invocations    | 5 |  5.0
Hexes          | 2 |  2.0
Stealth        | |  2.1

Action                   |  1- 3 |  4- 6 |  7- 9 | 10-12 || total
-------------------------+-------+-------+-------+-------++-------
Melee: Short sword       |     2 |    33 |     4 |       ||    39
       Spear             |       |       |   285 |   409 ||   694
       Trident           |       |       |       |    38 ||    38
Throw: Stone             |       |     2 |     3 |     1 ||     6
       Tomahawk          |       |       |       |     4 ||     4
 Cast: Freeze            |    67 |    70 |    60 |    70 ||   267
       Throw Frost       |       |     4 |     7 |    24 ||    35
       Ozocubu's Armour  |       |     3 |    18 |    30 ||    51
       Ensorcelled Hiber |       |       |       |     2 ||     2
       Throw Icicle      |       |       |       |     3 ||     3
Invok: Lesser Servant of |       |       |       |     1 ||     1
  Use: Scroll            |       |     9 |     3 |    11 ||    23
       Potion            |       |       |     1 |     4 ||     5
 Stab: Sleeping          |     1 |     3 |     5 |     6 ||    15
  Eat: Chunk             |     4 |     9 |    16 |    22 ||    51
Armor: Robe              |    16 |     9 |    24 |     3 ||    52
       Skin              |       |       |    12 |     3 ||    15
       Leather armour    |       |       |       |    38 ||    38
Dodge: Dodged            |    54 |    61 |   133 |   187 ||   435
Block: Buckler           |       |       |     8 |    66 ||    74

Table legend:
 A = Non-vault XP
 B = Vault XP
 C = Vault XP percentage of total XP
 D = Non-vault monster count
 E = Vault monster count
 F = Vault count percentage of total count
                 A         B        C        D         E       F
            +---------+---------+-------+---------+---------+-------
      Total |    7444 |    5103 |  40.7 |     206 |      32 |  13.4
            +---------+---------+-------+---------+---------+-------
        D:1 |      45 |       0 |   0.0 |      24 |       0 |   0.0
        D:2 |      60 |       0 |   0.0 |      22 |       0 |   0.0
        D:3 |      49 |       1 |   2.0 |      14 |       1 |   6.7
        D:4 |     489 |       0 |   0.0 |      18 |       0 |   0.0
        D:5 |     431 |       0 |   0.0 |      17 |       0 |   0.0
        D:6 |    1184 |     641 |  35.1 |      24 |       1 |   4.0
        D:7 |     808 |     542 |  40.1 |      22 |       2 |   8.3
        D:8 |     665 |     941 |  58.6 |      14 |       4 |  22.2
        D:9 |    1857 |    2978 |  61.6 |      41 |      24 |  36.9
       D:10 |     389 |       0 |   0.0 |       5 |       0 |   0.0
     Lair:1 |    1467 |       0 |   0.0 |       5 |       0 |   0.0
            +---------+---------+-------+---------+---------+-------
